 Dungeon Crawl Stone Soup version 0.30-a0-168-g0b976cbdc4 (webtiles) character file.

Game seed: 10726628969363204029

81 Iusername the Covered (level 4, -2/41 HPs)
             Began as a Minotaur Fighter on Sept 29, 2022.
             Slain by Sigmund
             ... wielding a +0 scythe
              (6 damage)
             ... on level 2 of the Dungeon.
             The game lasted 00:02:01 (796 turns).

Iusername the Covered (Minotaur Fighter)             Turns: 796, Time: 00:02:01

Health: -2/41      AC:  7    Str: 20    XL:     4   Next: 20%
Magic:  3/3        EV:  9    Int:  5    God:
Gold:   57         SH:  5    Dex: 12    Spells: 3/3 levels left

rFire   . . .      SeeInvis .    a - +0 trident
rCold   . . .      Faith    .    c - +0 buckler
rNeg    . . .      Spirit   .    b - +0 scale mail
rPois   .          Reflect  .    (helmet restricted)
rElec   .          Harm     .    (no cloak)
rCorr   .          Rampage  .    (no gloves)
Will    .....                    (no boots)
Stlth   ..........               (no amulet)
HPRegen 0.13/turn                (no ring)
MPRegen 0.08/turn                (no ring)

@: mighty
A: horns 2, retaliatory headbutt
a: no special abilities


You were on level 2 of the Dungeon.
You visited 1 branch of the dungeon, and saw 2 of its levels.

You collected 57 gold pieces.

Inventory:

Hand Weapons
 a - a +0 trident (weapon)
Armour
 b - a +0 scale mail (worn)
 c - a +0 buckler (worn)
Scrolls
 e - a scroll of enchant armour {unknown}
 i - a scroll of fear {unknown}
Potions
 f - a potion of lignification {unknown}
 g - a potion of degeneration {unknown}
 h - a potion of magic {unknown}


   Skills:
 + Level 4.3 Fighting
 + Level 3.3 Polearms
 + Level 4.4 Armour
 + Level 0.2 Dodging
 + Level 4.3 Shields


You had 3 spell levels left.
You didn't know any spells.
Your spell library was empty.

Dungeon Overview and Level Annotations

Branches:
Dungeon (2/15)

Altars:

Annotations:
D:2 Sigmund


Innate Abilities, Weirdness & Mutations

You have a pair of horns on your head.
You reflexively headbutt those who attack you in melee.


Message History

Jessica hits you with a +0 dagger.
The jackal bites you but does no damage.
You hit Jessica.
Jessica is moderately wounded.
You block the jackal's attack. Jessica hits you but does no damage.
Sigmund casts a spell.
Sigmund flickers and vanishes!
Deactivating autopickup; reactivate with Ctrl-A.
The jackal bites you but does no damage.
Jessica hits you with a +0 dagger. Something hits you but does no damage.
You closely miss Jessica. You headbutt Jessica!
You kill Jessica!
The jackal closely misses you. You furiously retaliate!
You headbutt the jackal!
You kill the jackal!
You have reached level 4!
You feel agile. Something hits you.
Items here: $ ) [ †.
Okay, then.
Something hits you!
* * * LOW HITPOINT WARNING * * *
Things that are here:
a jackal corpse; a jackal corpse You barely miss something.
You miss something. Your headbutt misses something.
You hear some strange, mumbled words.
A magic dart appears from out of thin air!
The magic dart hits you.
* * * LOW HITPOINT WARNING * * *
You hear some strange, mumbled words.
A puff of flame appears from out of thin air!
The puff of flame hits you.
* * * LOW HITPOINT WARNING * * *
You miss something. Something completely misses you.
You puncture something! You hit something.
Something hits you but does no damage.
You barely miss something. Something completely misses you.
You miss something. Your headbutt misses something. Something hits you.
You die...

.... ..#
#.# ##.
#.####.#
.
#.#....#
##
..#.####
..#.#
#.###
#...#
#.###.#
#..{@)#
#...##$.#
## #..#
...#
###.# ..#
###


There were no monsters in sight!

Vanquished Creatures
  Jessica (D:2)
  A gnoll (D:1)
  2 worms
  6 ball pythons
  3 endoplasms (D:1)
  A giant cockroach (D:1)
  A goblin (D:1)
  6 hobgoblins (D:1)
  8 jackals
  2 bats (D:1)
  A frilled lizard (D:1)
  4 kobolds (D:1)
  3 rats (D:1)
39 creatures vanquished.

Notes
Turn   | Place    | Note
-------+----------+-------------------------------------------
     0 | D:1      | Iusername the Minotaur Fighter began the quest for the Orb.
     0 | D:1      | Reached XP level 1. HP: 19/19 MP: 0/0
    74 | D:1      | Reached XP level 2. HP: 27/27 MP: 1/1
   164 | D:1      | Reached XP level 3. HP: 33/33 MP: 2/2
   453 | D:1      | Found a faded altar of an unknown god.
   780 | D:2      | Noticed Jessica
   782 | D:2      | Noticed Sigmund
   787 | D:2      | Killed Jessica
   788 | D:2      | Reached XP level 4. HP: 23/41 MP: 3/3
   796 | D:2      | Slain by Sigmund

Illustrated notes

Levels and vault maps discovered:
D:1:      dpeg_arrival_brainrot, layout_rooms,
          hellmonk_ecumenical_altar_blasted, hangedman_decor_diamond_cutter
D:2:      layout_basic, uniq_jessica, uniq_sigmund

Skill      XL: |  1  2  3 |
---------------+----------+-----
Fighting       | 4 |  4.3
Armour         | 4 |  4.4
Shields        | 4 |  4.3
Polearms       | 3 |  3.3
Dodging        | |  0.2

Action                   |  1- 3 |  4- 6 || total
-------------------------+-------+-------++-------
Melee: Trident           |    86 |     7 ||    93
       Headbutt          |     7 |       ||     7
  Use: Potion            |     1 |       ||     1
Armor: Scale mail        |    23 |     1 ||    24
Dodge: Dodged            |    34 |     2 ||    36
Block: Buckler           |    22 |       ||    22

Table legend: (Time is in decaauts)
 A = Elapsed time spent in this place.
 B = Non-inter-level travel time spent in this place.
 C = Inter-level travel time spent in this place.
 D = Time resting spent in this place.
 E = Time spent auto-exploring this place.
 F = Levels seen in this place.
 G = Mean time per level.
                   A        B        C        D        E       F      G
               +--------+--------+--------+--------+--------+-----+--------+
         Total |    813 |    777 |     36 |      0 |    595 |   2 |  406.5 |
       Dungeon |    813 |    777 |     36 |      0 |    595 |   2 |  406.5 |
               +--------+--------+--------+--------+--------+-----+--------+

Top non-repeatable levels by time:
     D:1: 675 daAuts
     D:2: 137 daAuts
